 Dungeon Crawl Stone Soup version 0.28.0 (webtiles) character file.

Game seed: 9383763801259586971

26 Ayyar the Sneak (level 3, -3/24 HPs)
             Began as an Octopode Brigand on Apr 21, 2022.
             Slain by an adder (5 damage)
             ... on level 2 of the Dungeon.
             The game lasted 00:02:45 (1616 turns).

Ayyar the Sneak (Octopode Brigand)                  Turns: 1616, Time: 00:02:45

Health: -3/24      AC:  1    Str: 10 (12) XL:     3   Next: 8%
Magic:  3/3        EV: 13    Int: 12 (13) God:
Gold:   133        SH:  0    Dex: 12 (13) Spells: 2/2 levels left

rFire   + . .      SeeInvis .   a - +2 dagger
rCold   + . .      Faith    .   (no shield)
rNeg    . . .      Spirit   .   (helmet restricted)
rPois   +          Reflect  .   (no amulet)
rElec   +          Harm     .   (no ring)
rCorr   +          Rampage  .   (no ring)
Will    .....                   (no ring)
Stlth   ++++......              (no ring)
HPRegen 0.08/turn               (no ring)
MPRegen 0.08/turn               (no ring)
                                (no ring)
                                (no ring)

@: lethally poisoned (-3 -> -6), resistant, flying
A: almost no armour, amphibious, 8 rings, camouflage 1, gelatinous body 1,
(nimble swimmer 1), tentacles
a: no special abilities


You were on level 2 of the Dungeon.
You visited 1 branch of the dungeon, and saw 2 of its levels.

You collected 133 gold pieces.

Inventory:

Hand Weapons
 a - a +2 dagger (weapon)
Missiles
 b - 8 poisoned darts (quivered)
 c - 2 curare-tipped darts
 j - 3 javelins
 k - a throwing net
Scrolls
 e - a scroll of magic mapping {unknown}
 g - a scroll of identify {unknown}
 h - 2 scrolls of teleportation {unknown}
 i - a scroll of vulnerability {unknown}
 l - a scroll of silence {unknown}
 m - a scroll of summoning {unknown}


   Skills:
 + Level 2.3 Fighting
 * Level 2.3 Short Blades
 + Level 2.3 Throwing
 + Level 1.5 Dodging
 * Level 5.6 Stealth


You had 2 spell levels left.
You didn't know any spells.
Your spell library contained the following spells:

 Spells                   Type           Power      Damage    Failure   Level
 Conjure Ball Lightning   Conj/Air       0%         3x3d6     100%        6
 Discord                  Hex            0%         N/A       100%        8
 Disjunction              Tloc           0%         N/A       100%        8


Dungeon Overview and Level Annotations

Branches:
Dungeon (2/15)

Altars:
Trog


Innate Abilities, Weirdness & Mutations

You cannot wear most types of armour.
You are amphibious.
You can wear up to eight rings at the same time.
Your skin changes colour to match your surroundings (Stealth+).
Your rubbery body absorbs attacks. (AC +1, EV +1)
((You are camouflaged when in or above water. (Stealth+)))
You have tentacles for arms and can constrict up to eight enemies at once.


Message History

You see here a bat corpse.
An adder comes into view.
The adder hisses angrily.
An adder comes into view.
You miss the adder. Your grab misses the adder. Your squeeze misses the adder.
The adder bites you.
You are poisoned.
The adder poisons you!
You hit the adder. Your grab misses the adder. You squeeze the adder.
The adder is moderately wounded.
You feel sick. The adder bites you.
You are more poisoned.
The adder poisons you! The adder barely misses you.
You closely miss the adder. Your grab misses the adder.
Your squeeze misses the adder.
The adder is moderately wounded.
You feel sick. The adder completely misses you.
You closely miss the adder. Your grab misses the adder.
The adder is moderately wounded.
You feel sick. The adder bites you.
* * * LOW HITPOINT WARNING * * *
It was a potion of degeneration.
There was something very wrong with that liquid.
You feel weakened.
You feel dopey.
You feel clumsy.
* * * LOW HITPOINT WARNING * * *
You feel sick. The adder closely misses you.
It was a potion of resistance.
You feel protected.
* * * LOW HITPOINT WARNING * * *
You feel sick. The adder barely misses you.
It was a potion of flight.
You feel very buoyant.
You fly up into the air.
* * * LOW HITPOINT WARNING * * *
You feel sick. The adder closely misses you. x2
You closely miss the adder. Your grab misses the adder.
The adder is moderately wounded.
* * * LOW HITPOINT WARNING * * *
You feel sick. The adder bites you.
You die...

#.#.# #.# ####.
#.#.# #.#
#.##....# #....###
... ..[....#.#
#....... #.# ###
#..(##. ##...
#......... #.##)##
.###..#.#.#.# #.#
#..#..
.......S..#.#
#.###.###) #S# #.#
#....## ## #@# #.#
#..##.###. #.# #.#
#..###.#.# #.# #.#
#..###..##
#.###.###..##.#...
#..............#.#
##########.##...##
#.###.###
#.###....
#........


You could see 2 adders.

Vanquished Creatures
  3 bats
  2 endoplasms (D:2)
  3 goblins
  2 hobgoblins
  2 quokkas
  3 ball pythons (D:1)
  A frilled lizard (D:2)
  6 kobolds
  A rat (D:1)
23 creatures vanquished.

Notes
Turn   | Place    | Note
-------+----------+-------------------------------------------
     0 | D:1      | Ayyar the Octopode Brigand began the quest for the Orb.
     0 | D:1      | Reached XP level 1. HP: 14/14 MP: 1/1
   551 | D:1      | Reached XP level 2. HP: 19/19 MP: 2/2
   738 | D:1      | Found a faded altar of an unknown god.
  1241 | D:2      | Found a bloodstained altar of Trog.
  1501 | D:2      | Reached XP level 3. HP: 24/24 MP: 3/3
  1616 | D:2      | Slain by an adder

Illustrated notes

Levels and vault maps discovered:
D:1:      evilmike_arrival_crescent, layout_basic,
          dilly_ecumenical_altar_fadedgnrine
D:2:      layout_loops_ring, basic_altar, minmay_shallow_snake_nest

Action                   || total
-------------------------++-------
Melee: Dagger            ||    39
       Constrict         ||     4
       Tentacles         ||     3
       Punch             ||     1
  Use: Potion            ||     3
 Stab: Sleeping          ||    12
Armor: Skin              ||     1
Dodge: Dodged            ||    16
